 Dungeon Crawl Stone Soup version 0.31-a0-1074-g0b22e4e0f1 (webtiles) character file.

Game seed: 3120466390503336456

221718 grandjackal the Lord of Darkness (level 18, -8/158 HPs)
             Began as a Demonspawn Necromancer on Nov 30, 2023.
             Was the Champion of Kikubaaqudgha.
             Shot with an arrow by a naga sharpshooter (9 damage)
             ... on level 4 of the Snake Pit.
             The game lasted 01:33:34 (33621 turns).

grandjackal the Lord of Darkness (DsNe)            Turns: 33621, Time: 01:33:34

Health: -8/158     AC: 18    Str: 17    XL:     18   Next: 51%
Magic:  10/30      EV: 10    Int: 22    God:    Kikubaaqudgha [******]
Gold:   4098       SH: 13    Dex: 14    Spells: 5/34 levels left

rFire   . . .        m - +12 sling "Tuilib" {heavy, rF+ rN+ Str+3}
rCold   + . .        Z - +2 buckler
rNeg    + + .        i - +3 ring mail {Will+}
rPois   +            o - +4 helmet "Caafoucs" {Fly rElec}
rElec   +            M - +0 cloak
rCorr   .            (gloves unavailable)
SInv    .            U - +1 pair of boots of Viny Satisfaction {Will+ Int+3}
Will    +++..        a - amulet of regeneration
Stlth   +            Q - ring of ice
HPRegen 1.26/turn    z - ring of Feodgh {rPois rN+}
MPRegen 0.22/turn

%: no passive effects
@: lethally poisoned (-8 -> -10), about to teleport, animating dead, flying
A: large bone plates 2, ignite blood 1, spiny 3, demonic touch 3
}: 1/15 runes: decaying
a: Renounce Religion, Unearth Wretches, Torment


You were on level 4 of the Snake Pit.
You worshipped Kikubaaqudgha.
Kikubaaqudgha was exalted by your worship.
You visited 7 branches of the dungeon, and saw 33 of its levels.
You also visited: Sewer, Ossuary, Gauntlet, Ice Cave and Volcano.

You collected 5157 gold pieces.
You spent 1059 gold pieces at shops.

Inventory:

Hand Weapons
 m - the +12 sling "Tuilib" (weapon) {heavy, rF+ rN+ Str+3}
   (You found it on level 2 of the Dungeon)

   Str+3:     It affects your strength (+3).
   rF+:       It protects you from fire.
   rN+:       It protects you from negative energy.
Armour
 i - a +3 ring mail of willpower (worn)
 o - the +4 helmet "Caafoucs" (worn) {Fly rElec}
   (You found it in a Gauntlet)

   rElec:     It insulates you from electricity.
   Fly:       It grants you flight.
 D - a +1 scale mail of cold resistance
 M - a +0 cloak (worn)
 U - the +1 pair of boots of Viny Satisfaction (worn) {Will+ Int+3}
   (You found it in a Gauntlet)

   Int+3:     It affects your intelligence (+3).
   Will+:     It increases your willpower.
 W - a +3 chain mail of fire resistance
 Z - a +2 buckler (worn)
Magical Staves
 f - a staff of earth
Jewellery
 a - an amulet of regeneration (around neck)
 h - the ring of Noip {rF++ rN+ EV+5 SInv Stlth-}
   (You acquired it on level 8 of the Dungeon)

   [ring of evasion]

   EV+5:      It affects your evasion (+5).
   rF++:      It greatly protects you from fire.
   rN+:       It protects you from negative energy.
   SInv:      It lets you see invisible.
   Stlth-:    It makes you less stealthy.
 l - the ring "Quan" {rCorr Int+4 Dex+2}
   (You found it in a Gauntlet)

   [ring of resist corrosion]

   Int+4:     It affects your intelligence (+4).
   Dex+2:     It affects your dexterity (+2).
   rCorr:     It protects you from acid and corrosion.
 s - a ring of willpower
 w - a ring of protection from fire
 z - the ring of Feodgh (right hand) {rPois rN+}
   (You took it off a kobold on level 3 of the Dungeon)

   [ring of poison resistance]

   rPois:     It protects you from poison rN+: It protects you from negative
   energy.
 Q - a ring of ice (left hand)
 X - a ring of see invisible
Talismans
 g - a granite talisman
Wands
 e - a wand of digging (8)
 A - a wand of roots (59)
 E - a wand of mindburst (28)
 F - a wand of charming (20)
 H - a wand of light (8)
 N - a wand of polymorph (7)
 S - a wand of flame (35)
Scrolls
 j - 10 scrolls of enchant weapon
 p - 3 scrolls of vulnerability
 r - a scroll of fear
 u - 10 scrolls of teleportation
 v - 2 scrolls of immolation
 x - 6 scrolls of enchant armour
 y - 3 scrolls of revelation
 C - 5 scrolls of fog
 O - 5 scrolls of butterflies
 P - 4 scrolls of amnesia
 T - 7 scrolls of identify
 Y - 3 scrolls of poison
Potions
 b - 5 potions of magic
 c - 2 potions of ambrosia
 d - 5 potions of haste
 k - 8 potions of curing
 n - 4 potions of brilliance
 q - 7 potions of enlightenment
 t - 6 potions of heal wounds
 B - 4 potions of cancellation
 G - 3 potions of mutation
 I - 7 potions of lignification
 J - 8 potions of might
 K - a potion of berserk rage
 L - 4 potions of attraction
 R - a potion of resistance
 V - 5 potions of invisibility


   Skills:
 + Level 18.5 Fighting
 - Level 14.0 Ranged Weapons
 - Level 6.0 Armour
 - Level 1.7 Dodging
 - Level 1.7 Stealth
 - Level 4.7 Shields
 - Level 3.8 Unarmed Combat
 + Level 8.8 Spellcasting
 + Level 20.4 Necromancy
 - Level 10.2 Earth Magic


You had 5 spell levels left.
You knew the following spells:

 Your Spells              Type           Power      Damage    Failure   Level
a - Infestation           Necr           39%        N/A       22%         8
b - Vampiric Draining     Necr           79%        2d11      0%          3
c - Animate Dead          Necr           79%        N/A       1%          4
d - Agony                 Necr           79%        N/A       1%          5
e - Borgnjor's Vile Clut  Necr/Erth      33%        N/A       1%          5
f - Dispel Undead         Necr           79%        3d26      1%          4

Your spell library contained the following spells:

 Spells                   Type           Power      Damage    Failure   Level
 Necrotise                Necr           100%       1d9       0%          1
 Cigotuvi's Dreadful Rot  Necr/Pois/Air  78%        N/A       1%          2
 Anguish                  Hex/Necr       26%        N/A       2%          4
 Stone Arrow              Conj/Erth      64%        3d11      5%          3
 Lee's Rapid Deconstruct  Erth           26%        3d14*     6%          5
 Apportation              Tloc           18%        N/A       14%         1
 Foxfire                  Conj/Fire      36%        2x1d5     14%         1
 Magic Dart               Conj           36%        1d4       14%         1
 Shock                    Conj/Air       36%        1d5       14%         1
 Slow                     Hex            36%        N/A       14%         1
 Summon Small Mammal      Summ           36%        N/A       14%         1
 Animate Armour           Summ/Erth      64%        N/A       19%         4
 Call Imp                 Summ           18%        N/A       22%         2
 Ensorcelled Hibernation  Hex/Ice        28%        N/A       22%         2
 Jinxbite                 Hex            18%        N/A       22%         2
 Scorch                   Fire           18%        2d5       22%         2
 Searing Ray              Conj           18%        2d5       22%         2
 Wereblood                Tmut           9%         N/A       22%         2
 Call Canine Familiar     Summ           9%         N/A       41%         3
 Confusing Touch          Hex            9%         N/A       41%         3
 Dazzling Flash           Conj/Hex       18%        N/A       41%         3
 Ignite Poison            Fire/Tmut/Pois 9%         N/A       41%         3
 Sigil of Binding         Hex            9%         N/A       41%         3
 Summon Guardian Golem    Hex/Summ       9%         N/A       41%         3
 Volatile Blastmotes      Fire/Tloc      18%        2d11      41%         3
 Flame Wave               Conj/Fire      9%         2d6       82%         4
 Fulminant Prism          Conj/Hex       4%         3d5       82%         4
 Summon Lightning Spire   Summ/Air       9%         N/A       82%         4
 Alistair's Intoxication  Tmut/Pois      6%         N/A       99%         5
 Fireball                 Conj/Fire      4%         3d4       99%         5
 Freezing Cloud           Conj/Ice/Air   7%         6-21      99%         5
 Irradiate                Conj/Tmut      4%         3d13      99%         5
 Borgnjor's Revivificati  Necr           39%        N/A       22%         8
 Simulacrum               Ice/Necr       35%        N/A       32%         6
 Haunt                    Necr/Summ      26%        N/A       88%         7
 Bombard                  Conj/Erth      16%        9d3       95%         6
 Death's Door             Necr           39%        N/A       98%         9
 Plasma Beam              Fire/Air       4%         2x1d14    100%        6
 Starburst                Conj/Fire      4%         6d4       100%        6
 Summon Cactus Giant      Summ           4%         N/A       100%        6
 Orb of Destruction       Conj           4%         9d5       100%        7
 Spellforged Servitor     Conj/Summ      4%         N/A       100%        7
 Lehudib's Crystal Spear  Conj/Erth      16%        10d5      100%        8
 Maxwell's Capacitive Co  Air            4%         ∞         100%        8


Dungeon Overview and Level Annotations

Branches:
Dungeon (15/15)            Temple (1/1) D:4            Lair (5/5) D:10
  Swamp (4/4) Lair:3        Snake (4/4) Lair:3        Slime (0/5) Lair:5
    Orc (2/2) D:11            Elf (2/3) Orc:2        Vaults (0/5) D:13
 Depths (0/4) D:15          Sewer (visited)         Ossuary (visited)
  IceCv (visited)         Volcano (visited)         Gauntlet (visited)

Altars:
Ashenzari
Cheibriados
Dithmenos
Fedhas
Gozag
Hepliaklqana
Kikubaaqudgha
Makhleb
Nemelex Xobeh
Okawaru
Qazlal
Ru
Sif Muna
Trog
Uskayaw
Vehumet
Wu Jian
Xom
Yredelemnul
Jiyva

Shops:
D:7 **=   D:8 :   Orc:2 [=![   Snake:3 :==

Portals:
Trove: D:15 (lose all piety)

Annotations:
D:9 2 transporters
D:11 2 transporters, Tuugur's ghost, journeyman DjCK
Lair:5 1 runed translucent door, Jaurgh's ghost, journeyman DsMo
Orc:2 2 transporters, Moreman's ghost, journeyman DrVM
Elf:1 6 runed translucent doors


Innate Abilities, Weirdness & Mutations

You are mostly covered in large bone plates. (SH +6)
Your demonic aura sometimes causes spilled blood to erupt in flames.
You are completely covered in sharp spines.
Your touch may irresistibly damage your foes and sap their willpower.


Message History

A salamander mystic, 2 nagarajas and 2 naga sharpshooters come into view.
A naga sharpshooter is wielding a +0 hand axe of freezing.
The salamander mystic is wielding a +2 dagger of speed.
You feel sick.
The naga sharpshooter shouts!
The nagaraja shouts!
You hear a shout! x3
An anaconda comes into view.
A naga sharpshooter comes into view. It is wielding a +0 hand axe.
A naga warrior comes into view. It is wielding a +0 dire flail.
The anaconda moves out of view.
Unknown command.
Unknown command.
Unknown command.
As you read the scroll of teleportation, it crumbles to dust.
You feel strangely unstable.
You feel sick.
A guardian serpent comes into view.
The salamander mystic points at you and mumbles some strange words.
The bolt of magma hits you!!
* * * LOW HITPOINT WARNING * * *
The naga sharpshooter unwields a +0 hand axe.
The naga sharpshooter wields a +0 arbalest.
The naga sharpshooter gestures wildly while chanting.
The naga sharpshooter magically shoots a bolt.
You block the bolt.
The naga sharpshooter unwields a +0 trident.
The naga sharpshooter wields a +2 shortbow of flaming.
It bursts into flame!
The naga sharpshooter shoots an arrow.
The arrow hits you!
* * * LOW HITPOINT WARNING * * *
The arrow burns you.
* * * LOW HITPOINT WARNING * * *
The nagaraja points at you and mumbles some strange words.
You resist with almost no effort.
The nagaraja casts a spell.
The nagaraja seems to speed up.
The naga warrior roars a battlecry!
The nagas go into a battle-frenzy!
The naga sharpshooter unwields a +0 hand axe of freezing.
The naga sharpshooter wields a +0 shortbow.
The naga sharpshooter shoots an arrow.
The arrow hits you!
You die...
Kikubaaqudgha rasps: "You have failed me!
Welcome... death!"

##..).#~ S....#
##..#.# .SN..
##.... ....## ##...
....# ##.# #...#
### #...# # ##.NN#
# #...@# .# #N...##
. #..N.# .# N....#
##.. N...# #...
..## #..####### #
#......... .
#.......##
.N########...######


You could see 2 nagarajas, a naga warrior, 3 naga sharpshooters, a salamander
mystic (strong), an anaconda and a guardian serpent (wandering).

Vanquished Creatures
  the Lernaean hydra (Swamp:4)
  Saint Roka (Orc:1)
  Vashnia (Snake:2)
  Jorgrun (Snake:3)
  Rupert (D:14)
  Frances (Elf:1)
  Aizul (Snake:1)
  An orc warlord (Orc:1)
  3 eleionomae
  4 deep elf demonologists (Elf:1)
  A deep elf annihilator (Elf:2)
  3 bunyips
  3 white draconians (IceCv)
  A minotaur (Gauntlet)
  Fannar (D:11)
  An ice dragon (D:15)
  A rakshasa (D:15)
  17 hydras
  A salamander tyrant (Snake:1)
  5 alligators
  12 anacondas
  2 catoblepae (Lair:5)
  5 two-headed ogres
  5 centaur warriors
  4 dancing weapons (Elf:1)
  6 death yaks
  4 naga warriors
  3 boulder beetles
  A hell hog (Volcano)
  12 naga sharpshooters
  5 orc high priests
  9 deep elf knights
  Amaemon (Lair:1)
  A skeletal warrior (D:13)
  3 skysharks
  A fire crab (Gauntlet)
  3 spriggan druids
  7 goliath frogs
  7 bog bodies
  3 glowing orange brains
  2 salamander mystics
  13 deep elf archers
  2 sea snakes (Snake:4)
  3 naga ritualists
  A lindwurm (Lair:4)
  9 swamp dragons
  6 orc knights
  Pikel (D:4)
  15 deep elf zephyrmancers
  6 ugly things
  An oklob plant (Lair:2)
  22 deep elf pyromancers
  3 will-o-the-wisps
  7 mana vipers
  7 orc sorcerers
  5 salamanders
  11 elephants
  6 manticores
  6 cyclopes
  31 black mambas
  3 guardian serpents
  An ice statue (Snake:1)
  2 centaur skeletons (D:13)
  3 gargoyles
  2 large abominations (Gauntlet)
  13 naga magi
  9 cane toads
  A torpor snail (Lair:4)
  3 storm dragon simulacra (IceCv)
  An orange demon (Lair:1)
  Maggie (D:10)
  3 yaktaurs
  Jeremiah (D:6)
  A rime drake (shapeshifter) (D:14)
  6 komodo dragons
  3 golden dragon simulacra (IceCv)
  10 trolls
  5 polar bears
  A tyrant leech (shapeshifter) (D:15)
  9 blink frogs
  4 tyrant leeches
  5 hornets
  2 dream sheep (Lair:5)
  A culicivora (shapeshifter) (Elf:1)
  3 air elementals
  17 spriggans
  2 shadows
  12 slime creatures
  A vampire (D:13)
  52 yaks
  2 water elementals
  A spriggan (shapeshifter) (D:14)
  5 wyverns
  3 fire bats
  A hog (Swamp:3)
  2 fire elementals (Elf:1)
  2 basilisks
  Eustachio (D:6)
  Menkaure (D:6)
  7 vampire mosquitoes
  18 swamp worms
  30 nagas
  7 wargs
  An acid dragon (D:10)
  2 hell hounds (Volcano)
  12 water moccasins
  33 orc warriors
  3 ice beasts (D:6)
  A swamp drake (Swamp:4)
  An ice dragon simulacrum (IceCv)
  4 black bears
  A swamp dragon zombie (Swamp:2)
  4 ogres
  2 boggarts (Lair:5)
  An elephant zombie (Lair:4)
  6 centaurs
  22 wolves
  A phantom (D:6)
  2 lemures (D:4)
  A salamander zombie (Snake:1)
  5 kobold brigands
  A komodo dragon zombie (Lair:5)
  10 bullfrogs
  4 small abominations (Gauntlet)
  A gnoll sergeant (D:12)
  4 earth elementals
  5 scorpions
  18 wights
  3 yak zombies
  10 killer bees
  5 lindwurm simulacra (IceCv)
  6 electric eels
  5 howler monkeys
  A bullfrog zombie (Lair:3)
  8 jellies
  25 orc priests
  A gnoll bouda (D:8)
  3 hounds
  3 sleepcaps
  5 iguanas
  28 orc wizards
  Ijyb (D:4)
  A boggart skeleton (D:13)
  A naga zombie (Snake:1)
  5 mummies
  7 gnolls
  A swamp drake zombie (Swamp:4)
  9 adders
  3 river rats
  A shadow imp (D:5)
  2 ufetubi (D:5)
  A worm (D:4)
  6 dart slugs
  104 orcs
  12 ball pythons
  17 endoplasms
  7 giant cockroaches
  4 gnoll zombies (Ossuary)
  16 hobgoblins
  2 jackals (D:1)
  A quokka (D:5)
  5 bats
  9 frilled lizards
  5 gnoll skeletons (Ossuary)
  7 goblins
  4 goblin skeletons (Ossuary)
  4 goblin zombies (Ossuary)
  5 hobgoblin skeletons (Ossuary)
  8 hobgoblin zombies
  29 kobolds
  4 kobold skeletons (Ossuary)
  6 kobold zombies
  4 orc skeletons (Ossuary)
  9 orc zombies
  8 rats
  3 rat skeletons (Ossuary)
  A rat zombie (Ossuary)
1117 creatures vanquished.

Vanquished Creatures (collateral kills)
  Kirke (Swamp:3)
  Roxanne (Swamp:2)
  An eleionoma (Swamp:3)
  2 bunyips
  4 hydras
  6 alligators
  A death yak (Lair:5)
  2 swamp dragons (Swamp:4)
  2 spriggan druids
  A spriggan rider (Swamp:3)
  7 bog bodies (Swamp:4)
  2 salamanders
  An elephant (Lair:5)
  A gargoyle (D:11)
  A yaktaur (D:13)
  A tyrant leech (Swamp:2)
  2 hornets
  3 spriggans
  7 yaks
  A basilisk (Lair:4)
  A hog (Swamp:3)
  4 swamp worms
  3 nagas (Snake:1)
  A water moccasin (Lair:3)
  An orc warrior (Orc:1)
  8 swamp drakes
  A boggart (Lair:5)
  3 wolves
  A bullfrog (Lair:3)
  A wight (D:9)
  3 lava snakes (Lair:3)
  An orc wizard (D:9)
  A boggart skeleton (D:13)
  3 orcs
79 creatures vanquished.

Vanquished Creatures (others)
  A two-headed ogre (Volcano)
  2 deep elf knights (Elf:2)
  2 bunyip zombies (Swamp:4)
  3 ugly thing zombies (D:15)
  4 alligator zombies
  A death yak zombie (Lair:5)
  7 swamp worm zombies
  2 bloated husks
  5 hydra zombies
  A fire bat (Volcano)
  A slime creature zombie (D:15)
  A vampire mosquito (Swamp:1)
  A cane toad zombie (Lair:5)
  A hornet zombie (Lair:5)
  7 swamp dragon zombies
  3 elephant zombies (Lair:5)
  An orc warrior (Elf:2)
  8 elf zombies
  A human (D:9)
  A yaktaur zombie (D:13)
  A water moccasin zombie (Lair:5)
  10 spriggan zombies
  2 polar bear zombies (Lair:5)
  12 yak zombies
  4 wolf zombies (Lair:5)
  A bullfrog zombie (D:9)
  An orc wizard (Orc:2)
  2 naga zombies (Snake:1)
  2 howler monkey zombies (D:9)
  18 orc zombies
  4 swamp drake zombies (Swamp:4)
  An orc (D:11)
  22 foxfires
133 creatures vanquished.

Grand Total: 1329 creatures vanquished

Notes
Turn   | Place    | Note
-------+----------+-------------------------------------------
     0 | D:1      | grandjackal the Demonspawn Necromancer began the quest for
                  | the Orb.
     0 | D:1      | Reached XP level 1. HP: 13/13 MP: 3/3
   250 | D:1      | Gained mutation: You are partially covered in sharp spines.
                  | [demonic ancestry]
   250 | D:1      | Reached XP level 2. HP: 16/20 MP: 5/5
   259 | D:1      | Reached skill level 1 in Fighting
   745 | D:2      | Identified the +12 sling "Tuilib" {heavy, rF+ rN+ Str+3}
   773 | D:2      | Gained mutation: You are partially covered in large bone
                  | plates. (SH +4) [demonic ancestry]
   773 | D:2      | Reached XP level 3. HP: 26/26 MP: 6/6
  1033 | D:2      | Found a shadowy altar of Dithmenos.
  1382 | D:3      | Reached skill level 5 in Necromancy
  1409 | D:3      | Found an iron altar of Okawaru.
  1483 | D:3      | Reached XP level 4. HP: 33/33 MP: 8/8
  1530 | D:3      | Noticed an ogre
  1534 | D:3      | Killed an ogre
  1535 | D:3      | Reached XP level 5. HP: 39/39 MP: 9/9
  1659 | D:3      | Identified the ring of Feodgh {rPois rN+}
  1742 | D:3      | Found a glowing drain.
  1751 | Sewer    | Entered a sewer
  1802 | Sewer    | Learned a level 3 spell: Vampiric Draining
  1905 | Sewer    | Reached XP level 6. HP: 47/47 MP: 11/11
  1921 | Sewer    | Found a viscous altar of Jiyva.
  2351 | D:4      | Reached skill level 6 in Necromancy
  2473 | D:4      | Noticed Ijyb
  2477 | D:4      | Killed Ijyb
  2497 | D:4      | Found a staircase to the Ecumenical Temple.
  2504 | Temple   | Entered the Ecumenical Temple
  2539 | Temple   | Learned a level 4 spell: Animate Dead
  2545 | Temple   | Learned a level 5 spell: Agony
  2881 | D:4      | Noticed Pikel
  2889 | D:4      | Killed Pikel
  2890 | D:4      | Reached skill level 5 in Fighting
  2890 | D:4      | Reached skill level 7 in Necromancy
  2890 | D:4      | Gained mutation: Your touch may inflict minor irresistible
                  | damage on your foes. [demonic ancestry]
  2890 | D:4      | Reached XP level 7. HP: 33/56 MP: 0/13
  3078 | D:4      | Gained mutation: You are mostly covered in sharp spines.
                  | [demonic ancestry]
  3078 | D:4      | Reached XP level 8. HP: 62/64 MP: 14/14
  3516 | D:5      | Entered Level 5 of the Dungeon
  3521 | D:5      | Reached skill level 8 in Necromancy
  3987 | D:6      | Reached skill level 9 in Necromancy
  4048 | D:6      | Found a broken altar of Ashenzari.
  4077 | D:6      | You fall into a shaft and drop 3 floors!
  4228 | D:9      | Gained mutation: You are completely covered in sharp
                  | spines. [demonic ancestry]
  4228 | D:9      | Reached XP level 9. HP: 74/74 MP: 15/15
  4454 | D:9      | Reached skill level 10 in Necromancy
  4457 | D:8      | Found a sparkling altar of Nemelex Xobeh.
  4839 | D:7      | Found a basalt altar of Yredelemnul.
  4956 | D:7      | Found Reinyateco's General Store.
  4966 | D:7      | Found Doemis's Specific Store.
  4970 | D:7      | Bought a scroll of teleportation for 45 gold pieces
  4970 | D:7      | Bought a scroll of blinking for 112 gold pieces
  4970 | D:7      | Bought 2 potions of curing for 90 gold pieces
  5154 | D:7      | Found a sand-covered staircase.
  5160 | Ossuary  | Entered an ossuary
  5714 | D:7      | Reached skill level 11 in Necromancy
  5719 | D:7      | Reached skill level 1 in Armour
  5719 | D:7      | Found a stormy altar of Qazlal.
  5732 | D:6      | Noticed Jeremiah
  5779 | D:6      | Noticed Eustachio
  5783 | D:6      | Killed Eustachio
  5871 | D:6      | Killed Jeremiah
  5872 | D:6      | Gained mutation: Your demonic aura sometimes causes spilled
                  | blood to erupt in flames. [demonic ancestry]
  5872 | D:6      | Reached XP level 10. HP: 75/83 MP: 16/16
  5924 | D:6      | Noticed Menkaure
  5928 | D:6      | Killed Menkaure
  6489 | D:7      | Reached skill level 1 in Unarmed Combat
  6648 | D:7      | Found Heugajel's Jewellery Shoppe.
  6845 | D:8      | Found Safirch's Book Emporium.
  7178 | D:8      | Reached skill level 10 in Fighting
  7397 | D:8      | Identified a scroll of acquirement
  7406 | D:8      | Acquired the ring of Noip {rF++ rN+ EV+5 SInv Stlth-}
  7471 | D:9      | Reached skill level 12 in Necromancy
  7538 | D:9      | Noticed a manticore
  7538 | D:9      | Noticed a red ugly thing
  7541 | D:9      | Found a transporter.
  7551 | D:9      | Found a transporter.
  7802 | D:9      | Found an ancient bone altar of Kikubaaqudgha.
  7895 | D:9      | Became a worshipper of Kikubaaqudgha
  7960 | D:9      | Reached XP level 11. HP: 75/92 MP: 17/17
  8371 | D:9      | Found an opulent altar of Gozag.
  8444 | D:10     | Entered Level 10 of the Dungeon
  8514 | D:10     | Noticed Maggie
  8518 | D:10     | Killed Maggie
  8519 | D:10     | Reached skill level 1 in Ranged Weapons
  8570 | D:10     | Noticed a two-headed ogre
  8576 | D:10     | Killed a two-headed ogre
  8577 | D:10     | Reached skill level 5 in Armour
  8827 | D:10     | Found a staircase to the Lair.
  9276 | D:11     | Noticed Fannar
  9340 | D:11     | Killed Fannar
  9417 | D:11     | Found a transporter.
  9417 | D:11     | Found a transporter.
  9423 | D:11     | Noticed Tuugur's ghost (journeyman DjCK)
  9448 | D:11     | Found a shimmering altar of Xom.
  9448 | D:11     | Found a shimmering altar of Xom.
  9448 | D:11     | Found a shimmering altar of Xom.
  9448 | D:11     | Found a shimmering altar of Xom.
  9449 | D:11     | Found a shimmering altar of Xom.
  9450 | D:11     | Found a shimmering altar of Xom.
  9450 | D:11     | Found a shimmering altar of Xom.
  9450 | D:11     | Found a shimmering altar of Xom.
  9450 | D:11     | Found a shimmering altar of Xom.
  9452 | D:11     | Found a shimmering altar of Xom.
  9477 | D:11     | Reached * piety under Kikubaaqudgha
  9477 | D:11     | Received a gift from Kikubaaqudgha
  9586 | D:11     | Found a staircase to the Orcish Mines.
  9818 | D:11     | Reached skill level 13 in Necromancy
 10011 | D:12     | Noticed a deep elf pyromancer
 10018 | D:12     | Killed a deep elf pyromancer
 10133 | D:12     | Noticed a two-headed ogre
 10137 | D:12     | Killed a two-headed ogre
 10323 | D:12     | Noticed a centaur warrior
 10330 | D:12     | Killed a centaur warrior
 10880 | D:12     | Noticed a deep elf pyromancer
 10881 | D:12     | Noticed a boulder beetle
 10902 | D:12     | Killed a boulder beetle
 10903 | D:12     | Gained mutation: Your touch may inflict irresistible damage
                  | on your foes. [demonic ancestry]
 10903 | D:12     | Reached XP level 12. HP: 97/102 MP: 4/18
 10994 | D:12     | Noticed a two-headed ogre
 11001 | D:12     | Killed a two-headed ogre
 11002 | D:12     | Reached skill level 5 in Ranged Weapons
 11201 | Lair:1   | Entered Level 1 of the Lair of Beasts
 11281 | Lair:1   | Reached skill level 1 in Shields
 11524 | Lair:1   | Noticed Amaemon
 11533 | Lair:1   | Killed Amaemon
 11534 | Lair:1   | Reached skill level 14 in Necromancy
 11631 | Lair:1   | Found a dark tunnel.
 11640 | Volcano  | Entered a volcano
 11665 | Volcano  | Noticed a two-headed ogre
 11665 | Volcano  | Noticed a two-headed ogre
 11690 | Volcano  | Killed a two-headed ogre
 11690 | Volcano  | Reached ** piety under Kikubaaqudgha
 11741 | Volcano  | Noticed a two-headed ogre
 11745 | Volcano  | Killed a two-headed ogre
 11757 | Volcano  | Noticed a hell hog
 11762 | Volcano  | Killed a hell hog
 12402 | Lair:2   | Got the Secrets of the Called Missiles
 12518 | Lair:2   | Gained mutation: You are mostly covered in large bone
                  | plates. (SH +6) [demonic ancestry]
 12518 | Lair:2   | Reached XP level 13. HP: 109/109 MP: 9/19
 13407 | Lair:3   | Got the Codex of Pneumatic Stones
 13414 | Lair:3   | Learned a level 5 spell: Borgnjor's Vile Clutch
 13463 | Lair:3   | Found a staircase to the Swamp.
 13500 | Lair:3   | Reached skill level 1 in Earth Magic
 13519 | Lair:3   | Reached skill level 15 in Necromancy
 13567 | Lair:3   | Reached *** piety under Kikubaaqudgha
 13567 | Lair:3   | Received a gift from Kikubaaqudgha
 13842 | Lair:3   | Found a staircase to the Snake Pit.
 15488 | Lair:5   | Entered Level 5 of the Lair of Beasts
 15576 | Lair:5   | Found a runed translucent door.
 15585 | Lair:5   | Noticed Jaurgh's ghost (journeyman DsMo)
 15629 | Lair:5   | Found a staircase to the Slime Pits.
 15629 | Lair:5   | Found a viscous altar of Jiyva.
 15810 | Lair:5   | Identified the +4 ring mail "Teng" {Int+3}
 16004 | Lair:5   | Reached XP level 14. HP: 120/120 MP: 20/20
 16009 | Lair:5   | Reached **** piety under Kikubaaqudgha
 16210 | Lair:5   | Reached skill level 16 in Necromancy
 16210 | Lair:5   | Reached skill level 5 in Earth Magic
 16241 | Lair:5   | Reached ***** piety under Kikubaaqudgha
 16995 | Orc:1    | Entered Level 1 of the Orcish Mines
 17210 | Orc:2    | Entered Level 2 of the Orcish Mines
 17210 | Orc:2    | Noticed an orc warlord
 17913 | D:13     | Identified the +4 war axe of Makhleb {antimagic, Dex+2}
 18017 | D:13     | Identified the +5 scimitar "Guwif" {elec, rC+}
 18212 | D:13     | Found a gate to the Vaults.
 18404 | D:14     | Found a gate leading to a gauntlet.
 18409 | Gauntlet | Entered a Gauntlet
 18409 | Gauntlet | Found a large runed translucent door.
 18409 | Gauntlet | Found a large runed translucent door.
 18409 | Gauntlet | Found a large runed translucent door.
 18409 | Gauntlet | Found a large runed translucent door.
 18409 | Gauntlet | Found a large runed translucent door.
 18409 | Gauntlet | Found a large runed translucent door.
 18409 | Gauntlet | Found a large runed translucent door.
 18409 | Gauntlet | Found a large runed translucent door.
 18409 | Gauntlet | Found a runed translucent door.
 18409 | Gauntlet | Found a runed translucent gate.
 18409 | Gauntlet | Found a transporter.
 18409 | Gauntlet | Found a transporter.
 18409 | Gauntlet | Found a runed translucent gate.
 18409 | Gauntlet | Found a transporter.
 18410 | Gauntlet | Found a transporter.
 18411 | Gauntlet | Found a runed translucent door.
 18411 | Gauntlet | Found a runed translucent gate.
 18414 | Gauntlet | Found a large runed translucent door.
 18414 | Gauntlet | Found a large runed translucent door.
 18414 | Gauntlet | Found a large runed translucent door.
 18414 | Gauntlet | Found a large runed translucent door.
 18415 | Gauntlet | Found a large runed translucent door.
 18415 | Gauntlet | Found a large runed translucent door.
 18416 | Gauntlet | Found a large runed translucent door.
 18416 | Gauntlet | Found a large runed translucent door.
 18426 | Gauntlet | Found a transporter.
 18434 | Gauntlet | Reached skill level 10 in Ranged Weapons
 18436 | Gauntlet | Identified the ring "Quan" {rCorr Int+4 Dex+2}
 18485 | Gauntlet | Found a transporter.
 18491 | Gauntlet | Found a transporter.
 18546 | Gauntlet | Noticed a reaper
 18556 | Gauntlet | Identified the +1 pair of boots of Viny Satisfaction {Will+
                  | Int+3}
 18604 | Gauntlet | Found a transporter.
 18616 | Gauntlet | Reached skill level 15 in Fighting
 18628 | Gauntlet | Identified the +2 helmet of Sulick {+Inv}
 18664 | Gauntlet | Found a transporter.
 18824 | Gauntlet | Identified the +3 glaive "Faitewkewk" {flame, rF+}
 18848 | Gauntlet | Identified the staff of Netiajie {rF+ Int+3 Fire}
 18848 | Gauntlet | Identified the +4 helmet "Caafoucs" {Fly rElec}
 18971 | D:14     | Gained mutation: Your touch may irresistibly damage your
                  | foes and sap their willpower. [demonic ancestry]
 18971 | D:14     | Reached XP level 15. HP: 106/129 MP: 21/21
 19066 | D:14     | Learned a level 4 spell: Dispel Undead
 19091 | D:14     | Noticed Rupert
 19099 | D:14     | Killed Rupert
 19373 | D:15     | Entered Level 15 of the Dungeon
 19379 | D:15     | Identified the +2 robe of the World {+Blink rPois rF++
                  | Archmagi}
 19431 | D:15     | Reached skill level 17 in Necromancy
 19598 | D:15     | Found a portal to a secret trove of treasure.
 19804 | D:15     | Acquired 836 gold pieces
 20199 | D:15     | Reached ****** piety under Kikubaaqudgha
 20572 | D:15     | Found a staircase to the Depths.
 20977 | Orc:2    | Noticed Saint Roka
 21126 | Orc:1    | Received a gift from Kikubaaqudgha (forbidden knowledge)
 21316 | Orc:1    | Killed Saint Roka
 21966 | Orc:2    | Found a staircase to the Elven Halls.
 22086 | Orc:2    | Found a transporter.
 22089 | Orc:2    | Noticed Moreman's ghost (journeyman DrVM)
 22108 | Orc:2    | Found a transporter.
 22578 | Orc:2    | Found Dicvug's Antique Armour Shoppe.
 22578 | Orc:2    | Found Fesele's Armour Boutique.
 22581 | Orc:2    | Found Satzaq's Jewellery Shoppe.
 22581 | Orc:2    | Found Yloypaq's Distillery.
 22590 | Orc:2    | Bought a potion of heal wounds for 70 gold pieces
 22590 | Orc:2    | Bought a potion of heal wounds for 70 gold pieces
 22590 | Orc:2    | Bought a potion of heal wounds for 70 gold pieces
 22590 | Orc:2    | Bought a potion of magic for 112 gold pieces
 22590 | Orc:2    | Bought a potion of magic for 112 gold pieces
 22590 | Orc:2    | Bought 2 potions of magic for 224 gold pieces
 22590 | Orc:2    | Bought a potion of curing for 42 gold pieces
 22590 | Orc:2    | Bought 2 potions of might for 112 gold pieces
 22909 | Elf:1    | Entered Level 1 of the Elven Halls
 23092 | Elf:1    | Noticed an Executioner
 23372 | Elf:1    | Noticed Frances
 23377 | Elf:1    | Paralysed by an air elemental for 1 turns
 23390 | Elf:1    | Killed Frances
 23621 | Elf:1    | Reached XP level 16. HP: 134/138 MP: 22/22
 23753 | Elf:1    | Paralysed by an air elemental for 1 turns
 23828 | Elf:1    | Noticed an Ice Fiend
 23830 | Elf:1    | Noticed a Hell Sentinel
 23832 | Elf:1    | Noticed an Ice Fiend
 24070 | Elf:1    | Reached skill level 18 in Necromancy
 24086 | Elf:1    | Found a runed translucent gate.
 24086 | Elf:1    | Found a runed translucent gate.
 24086 | Elf:1    | Found a runed translucent gate.
 24086 | Elf:1    | Found a runed translucent gate.
 24086 | Elf:1    | Found a runed translucent gate.
 24088 | Elf:1    | Noticed a shadow dragon
 24089 | Elf:1    | Found a runed translucent gate.
 24460 | Elf:2    | Paralysed by an air elemental for 1 turns
 24791 | Elf:2    | Noticed an Ice Fiend
 25516 | Snake:1  | Entered Level 1 of the Snake Pit
 25516 | Snake:1  | Identified the serpent talisman "Vounusch" {rElec rPois rC-
                  | Dex+5}
 25516 | Snake:1  | Noticed Aizul
 25528 | Snake:1  | Killed Aizul
 25728 | Snake:1  | Reached skill level 10 in Earth Magic
 25750 | Snake:1  | Found a frozen archway.
 25792 | IceCv    | Entered an ice cave
 27154 | Snake:1  | Found a shimmering altar of Xom.
 27399 | Snake:2  | Noticed Vashnia
 28431 | Swamp:1  | Entered Level 1 of the Swamp
 28439 | Swamp:1  | Reached XP level 17. HP: 147/147 MP: 13/24
 28723 | Swamp:1  | Reached skill level 5 in Spellcasting
 28875 | Swamp:1  | Reached skill level 19 in Necromancy
 29554 | Swamp:2  | Noticed Roxanne
 29577 | Swamp:2  | Killed Roxanne
 29584 | Swamp:2  | Identified the +9 long sword of Righteous Anger {freeze,
                  | +Blink rF++ Str-4}
 30257 | Swamp:3  | Noticed Kirke
 30268 | Swamp:3  | Killed Kirke
 30508 | Swamp:4  | Entered Level 4 of the Swamp
 30521 | Swamp:4  | HP: 4/148 [will-o-the-wisp/foxfire (19)]
 30750 | Swamp:4  | Noticed the 27-headed Lernaean hydra
 30766 | Swamp:4  | Killed the 27-headed Lernaean hydra
 30874 | Swamp:4  | Got a decaying rune of Zot
 31463 | Snake:2  | Reached XP level 18. HP: 113/156 MP: 10/29
 31560 | Snake:2  | Killed Vashnia
 32102 | Snake:2  | Reached skill level 20 in Necromancy
 32375 | Snake:3  | Learned a level 8 spell: Infestation
 32662 | Snake:3  | Noticed Jorgrun
 32674 | Snake:3  | Killed Jorgrun
 32722 | Snake:3  | Found Cint's Jewellery Emporium.
 32723 | Snake:3  | Found Ipeherch's Book Shop.
 32725 | Snake:3  | Found Epumo's Jewellery Emporium.
 33331 | Snake:4  | Entered Level 4 of the Snake Pit
 33621 | Snake:4  | HP: 5/158 [naga sharpshooter/arrow (16)]
 33621 | Snake:4  | HP: 1/158 [naga sharpshooter/arrow (4)]
 33621 | Snake:4  | Shot with an arrow by a naga sharpshooter

Illustrated notes

Levels and vault maps discovered:
D:1:      dpeg_arrival_rhombus, layout_loops_cross, minmay_tetromino_s4
D:2:      layout_basic, basic_altar, serial_bayou_pond_e, palyth_stone_intersect
D:3:      layout_loops_cross, amcnicky_altar_gilded, portal_sewer_entry_e,
          nrook_campfire
D:4:      layout_basic, minmay_temple_entry_ruins, minmay_between, uniq_ijyb,
          uniq_pikel
D:5:      layout_cave_pools, supply_closet_lemuel
D:6:      layout_basic, nicolae_overflow_crystal_walls, uniq_menkaure,
          uniq_jeremiah, uniq_eustachio
D:7:      layout_cave_pools, lemuel_round_altar, lemuel_crystal_altar,
          serial_shops, nicolae_shop_getting_attention,
          nicolae_ossuary_entry_giza, grunt_decor_mini_mirrors,
          nicolae_specific_store, mrwooster_statue_mirror
D:8:      layout_cave_pools, mainiacjoe_overflow_concentric_impassable,
          serial_shops, shop, grunt_ministairs_15
D:9:      layout_loops_ring, tgw_kikubaaqudgha, kennysheep_mini_moat,
          gammafunk_temple_overflow_arena
D:10:     layout_roguey, erik_lair_island, kennysheep_decorative_pillar,
          uniq_maggie
D:11:     layout_rooms, orc_0_dummy, gammafunk_ghost_hive, xom_redecorated,
          uniq_fannar
D:12:     layout_long_grid, dk_noncrumbling_3
D:13:     layout_long_grid, hangedman_vaults_entry_quadrant_bands
D:14:     layout_rooms, gauntlet_entry_generic, uniq_rupert
D:15:     gammafunk_enter_depths_forms, layout_loops_cross, fountainhead,
          enter_trove_2, due_unseen_surprise
Temple:   eino_narrow_crystal_temple
Lair:1:   layout_regular_city, lightli_volcano_entry_magma_tube,
          chequers_serial_rivers_room_b, chequers_serial_rivers_large_b,
          grunt_megastairs_5, serial_bayou_shore_a, uniq_amaemon
Lair:2:   layout_regular_city, serial_bayou, serial_bayou_crossing,
          serial_bayou_pond_b, serial_bayou_shore_b, serial_bayou_pond_b,
          minmay_lair_oklob_items
Lair:3:   layout_gridlike, swamp_mist, nicolae_snake_entry_warm_welcome,
          grunt_megastairs_3
Lair:4:   layout_layer_cave
Lair:5:   minmay_lair_end_enchanted_forest, layout_misc_corridors,
          slime_entry_1, ebering_ghost_reflecting_pool,
          grunt_forest_small_clearing_treed
Swamp:1:  layout_basic_swamp, infiniplex_staircase_pool_2
Swamp:2:  layout_basic_swamp, nicolae_swamp_oxbows, uniq_roxanne
Swamp:3:  layout_falls_marsh, nicolae_swamp_reclaimed_castle, uniq_kirke
Swamp:4:  grunt_swamp_rune_castle, layout_basic_swamp
Snake:1:  layout_honeycomb, basic_altar, portal_ice_cave_entry_ice_statue_one,
          uniq_aizul
Snake:2:  layout_cave_shapes, drop_trap, uniq_vashnia
Snake:3:  layout_concentric_octagons, hangedman_snake_pattern,
          hangedman_snake_corridor_cut, minmay_shop_grove, serial_bayou_shore_b,
          uniq_jorgrun
Snake:4:  grunt_snake_rune_spirals, layout_concentric_octagons,
          serial_bayou_lagoon_a, nicolae_snake_shapes
Orc:1:    cheibrodos_orc_bank, layout_caves, basic_altar,
          statue_in_the_mist_lemuel
Orc:2:    grunt_orc_tribal_feast, layout_caves, gammafunk_ghost_stat_death,
          uniq_saint_roka
Elf:1:    layout_rooms, orc_legates, uniq_frances
Elf:2:    nicolae_elf_blades_crystal_corner, layout_loops_cross,
          corexii_checkpoint

Skill      XL: |  1  2  3  4  5  6  7  8  9 10 11 12 13 14 15 16 17 18 |
---------------+-------------------------------------------------------+-----
Fighting       | 1 2 3 5 7 9 10 11 12 14 15 16 17 18 | 18.5
Necromancy     | 5 7 9 11 12 13 14 15 16 17 18 19 20 | 20.4
Spellcasting   | 3 4 7 8 |  8.8
Armour         | 2 4 6 |  6.0
Unarmed Combat | 3 |  3.8
Ranged Weapons | 4 6 8 10 11 12 13 14 | 14.0
Shields        | 4 |  4.7
Earth Magic    | 4 6 8 10 | 10.2
Dodging        | |  1.7
Stealth        | |  1.7

Action                     |  1- 3 |  4- 6 |  7- 9 | 10-12 | 13-15 | 16-18 || total
---------------------------+-------+-------+-------+-------+-------+-------++-------
  Melee: Short sword       |    51 |       |       |       |       |       ||    51
         Punch             |     1 |       |       |       |       |       ||     1
   Fire: Sling             |    20 |   115 |   262 |   360 |  1045 |  1128 ||  2930
   Cast: Necrotise         |     6 |       |       |     7 |     8 |       ||    21
         Vampiric Draining |       |     7 |     9 |    33 |    46 |    94 ||   189
         Animate Dead      |       |       |       |     3 |    18 |    10 ||    31
         Agony             |       |       |       |     4 |     7 |    10 ||    21
         Borgnjor's Vile C |       |       |       |       |    20 |    21 ||    41
         Dispel Undead     |       |       |       |       |       |    26 ||    26
         Infestation       |       |       |       |       |       |     1 ||     1
 Invoke: Receive Forbidden |       |       |       |       |     1 |       ||     1
         Torment           |       |       |       |       |       |     3 ||     3
  Evoke: Wand              |       |     1 |       |     6 |       |     4 ||    11
    Use: Scroll            |       |       |       |    24 |    18 |    12 ||    54
         Potion            |       |       |       |       |     2 |    12 ||    14
   Stab: Sleeping          |     1 |       |       |       |       |       ||     1
 Armour: Robe              |    17 |    14 |    57 |    36 |       |       ||   124
         Ring mail         |       |       |       |   203 |   575 |   813 ||  1591
  Dodge: Dodged            |    37 |    14 |    41 |   207 |   333 |   272 ||   904
  Block: Other             |     2 |     4 |     8 |    50 |       |       ||    64
         Buckler           |       |       |       |    10 |   436 |   515 ||   961

Table legend: (Time is in decaauts)
 A = Elapsed time spent in this place.
 B = Non-inter-level travel time spent in this place.
 C = Inter-level travel time spent in this place.
 D = Time resting spent in this place.
 E = Time spent auto-exploring this place.
 F = Levels seen in this place.
 G = Mean time per level.
                   A        B        C        D        E       F      G
               +--------+--------+--------+--------+--------+-----+--------+
         Total |  35290 |  33240 |   2050 |   7898 |  16428 |  38 |  928.7 |
       Dungeon |  14174 |  13413 |    761 |   2575 |   7798 |  15 |  944.9 |
        Temple |     53 |     52 |      1 |      0 |      0 |   1 |   53.0 |
          Lair |   6088 |   5655 |    433 |    569 |   3624 |   5 | 1217.6 |
         Swamp |   2960 |   2817 |    143 |    667 |   1463 |   4 |  740.0 |
     Snake Pit |   4341 |   3925 |    416 |   1438 |   1500 |   4 | 1085.2 |
  Orcish Mines |   2624 |   2403 |    221 |    672 |   1060 |   2 | 1312.0 |
   Elven Halls |   2562 |   2491 |     71 |   1243 |    471 |   2 | 1281.0 |
         Sewer |    296 |    296 |      0 |      0 |    167 |   1 |  296.0 |
       Ossuary |    631 |    631 |      0 |    161 |    218 |   1 |  631.0 |
      Ice Cave |    851 |    851 |      0 |    411 |     68 |   1 |  851.0 |
       Volcano |    257 |    257 |      0 |      5 |     24 |   1 |  257.0 |
      Gauntlet |    448 |    448 |      0 |    155 |     33 |   1 |  448.0 |
               +--------+--------+--------+--------+--------+-----+--------+

Top non-repeatable levels by time:
 Snake:1: 2228 daAuts
   Elf:1: 1952 daAuts
  Lair:5: 1493 daAuts
     D:9: 1468 daAuts
  Lair:4: 1422 daAuts
   Orc:1: 1390 daAuts
    D:12: 1314 daAuts
    D:15: 1297 daAuts
   Orc:2: 1234 daAuts
     D:4: 1208 daAuts
  Lair:3: 1106 daAuts
 Snake:3: 1080 daAuts
    D:10: 1051 daAuts
  Lair:2: 1036 daAuts
  Lair:1: 1030 daAuts
